 Dungeon Crawl Stone Soup version 0.18-a0-1160-geb89fc2 (webtiles) character file.

29595 M4edhros the Covert (level 13, -19/79 HPs)
             Began as an Octopode Artificer on Jan 24, 2016.
             Was a High Priest of Fedhas.
             Demolished by a sun demon (25 damage)
             ... summoned by an orc high priest
             ... on level 2 of the Orcish Mines on Jan 25, 2016.
             The game lasted 00:49:06 (14333 turns).

M4edhros the Covert (Octopode Artificer)           Turns: 14333, Time: 00:49:07

Health: -19/79     AC:  4    Str: 12    XL:     13   Next: 46%
Magic:  0/19       EV: 17    Int: 31    God:    Fedhas [*****.]
Gold:   795        SH:  0    Dex: 15    Spells: 2 memorised, 10 levels left

rFire  x . .     SeeInvis .     V - +1 hunting sling (flame)
rCold  + + .     Gourm    .     (no shield)
rNeg   . . .     Faith    .     (helmet restricted)
rPois  .         Spirit   +     n - amulet of guardian spirit
rElec  .         Dismiss  .     m - ring of wizardry
rCorr  .         Reflect  .     v - ring of protection from magic
SustAt +         Harm     .     y - ring "Iliemiyq" {AC+3 Int+4}
MR     +....                    C - ring of protection from cold
Stlth  ++++++++..               Q - ring of sustain attributes
                                L - +3 ring of intelligence
                                l - ring "Vuecs" {Str+2 Slay+5}
                                K - ring of Vilielu {Ice Int+4 Dex+3}

@: very slightly contaminated, hasted, very quick, somewhat resistant to hostile
enchantments, extraordinarily stealthy
A: almost no armour, amphibious, 8 rings, constrict 8, camouflage 1, gelatinous
body 1
a: Evolution, Sunlight, Growth, Reproduction, Rain, Renounce Religion


You were on level 2 of the Orcish Mines.
You worshipped Fedhas.
Fedhas was extremely pleased with you.
You were very hungry.

You visited 3 branches of the dungeon, and saw 16 of its levels.

You collected 1256 gold pieces.
You spent 461 gold pieces at shops.

Inventory:

Hand Weapons
 e - a +1 short sword of venom
 j - a +0 hunting sling of freezing
 D - a +0 dagger of electrocution
 N - a +2 shortbow of chaos
 V - a +1 hunting sling of flaming (weapon)
Missiles
 h - 38 sling bullets
 B - 343 stones (quivered)
 O - 107 arrows
Rods
 A - a +2 iron rod (12/12)
   (You acquired it on level 12 of the Dungeon)
Jewellery
 l - the ring "Vuecs" (on tentacle) {Str+2 Slay+5}
   (You bought it in a shop on level 6 of the Dungeon)

   [ring of strength]

   It affects your strength (+2).
   It affects your accuracy and damage with ranged weapons and melee attacks
   (+5).
 m - a ring of wizardry (left tentacle)
 n - an amulet of guardian spirit (around mantle)
 v - a ring of protection from magic (right tentacle)
 y - the ring "Iliemiyq" (on tentacle) {AC+3 Int+4}
   (You found it on level 4 of the Dungeon)

   [ring of protection]

   It affects your AC (+3).
   It affects your intelligence (+4).
 C - a ring of protection from cold (on tentacle)
 K - the ring of Vilielu (on tentacle) {Ice Int+4 Dex+3}
   (You took it off Nergalle on level 12 of the Dungeon)

   [ring of ice]

   It enhances your ice magic, and weakens your fire magic.
   It affects your intelligence (+4).
   It affects your dexterity (+3).
   It makes you vulnerable to fire.
   It protects you from cold.
 L - a +3 ring of intelligence (on tentacle)
 Q - a ring of sustain attributes (on tentacle)
Wands
 b - a wand of flame (12/48)
 c - a wand of enslavement (0/24)
 d - a wand of random effects (7/48)
 o - a wand of random effects (26/48)
 E - a wand of disintegration (12/24)
 F - a wand of hasting (4/9)
 I - a wand of polymorph (10/24)
 W - a wand of invisibility (5/9)
Scrolls
 g - a scroll of magic mapping
 s - 2 scrolls of fog
 t - a scroll of blinking
 x - a scroll of fear
 J - a scroll of remove curse
Potions
 a - a potion of cancellation
 p - 4 potions of might
 z - a potion of brilliance
 P - 3 potions of flight
 T - 2 potions of lignification
Books
 G - a Young Poisoner's Handbook

   Spells                             Type                      Level
   a - Sting                          Conjuration/Poison           1
   b - Cure Poison                    Poison                       2
   c - Mephitic Cloud                 Conjuration/Poison/Air       3
   d - Olgreb's Toxic Radiance        Poison                       4
   e - Venom Bolt                     Conjuration/Poison           5
Comestibles
 f - 5 bread rations
 H - 3 beef jerkies
 M - 8 slices of pizza


   Skills:
 + Level 4.1 Fighting
 - Level 1.0 Short Blades
 + Level 11.2 Slings
 + Level 8.4 Dodging
 + Level 14.1 Stealth
   Level 8.8 Shields
 * Level 2.1 Spellcasting
 - Level 7.0 Invocations
 + Level 9.1 Evocations


You had 10 spell levels left.
You knew the following spells:

 Your Spells              Type           Power        Failure   Level  Hunger
a - Conjure Flame         Conj/Fire      #.......     9%          3    ###....
b - Mephitic Cloud        Conj/Pois/Air  #.......     9%          3    ###....


Dungeon Overview and Level Annotations

Branches:
Dungeon (13/15) Temple (1/1) D:5 Lair (0/8) D:8 Orc (2/2) D:11 Elf (0/3) Orc:2 Vaults (0/5) D:12 D:13

Altars:
Ashenzari
Cheibriados
Dithmenos
Fedhas
Gozag
Makhleb
Okawaru
Pakellas
Qazlal
Ru
Sif Muna
Trog
Vehumet
Xom
Yredelemnul
Zin
The Shining One
Beogh

Shops:
D:6 =   D:12 :

Annotations:
D:8 4 runed doors
D:13 Donald, Norris, Rupert
Orc:2 exclusion: hyperactive ballistomycete


Innate Abilities, Weirdness & Mutations

You cannot wear most types of armour.
You are amphibious.
You can wear up to eight rings at the same time.
You can use your tentacles to constrict eight enemies at once.
Your skin changes colour to match your surroundings (Stealth).
Your rubbery body absorbs attacks (AC +1).


Message History

Fedhas protects your plant from harm. x2
The explosion of spores engulfs the red devil.
The red devil is almost dead.
A fungus suddenly grows.
The orc high priest appears confused.
The explosion of spores engulfs the orc high priest.
The orc high priest is severely wounded.
Fedhas protects your plant from harm. x2
The orc warrior appears confused.
The explosion of spores engulfs the orc warrior.
The orc warrior is heavily wounded.
Fedhas protects your plant from harm. x2
The explosion of spores engulfs the sun demon.
The sun demon is heavily wounded.
A fungus suddenly grows.
Fedhas protects your plant from harm. The sun demon hits you!!
* * * LOW HITPOINT WARNING * * *
You are engulfed in flames!!
The fire burns you terribly!
You die...
Fedhas appreciates your contribution to the ecosystem.

..##...# #.)#P.)#..# ###....
..##..## ##..)Po..## ##......
.......#######)P(#########.......
.......#.....))oP)P....#.#...##..
....f.##....PP).oP)P>(.#....####.
.............PP)PP..........# ##
..............)P4.P)..)....#...##
#.......).....P.3.....#..#....##
............P..)@..)..........#
.....#..........).............#
...........................#.##
#.........................####
##.........................#
#........................##
##....#..................#
###.#####..##.#..###.#.## ###
########## ####


You could see an orc knight, an orc high priest (confused), a sun demon, a red
devil, an orc warrior (frenzied), 5 neutral active ballistomycetes, a friendly
hyperactive ballistomycete and a friendly active ballistomycete.

Vanquished Creatures
  2 orc high priests (Orc:2)
  Nergalle (D:12)
  A wandering mushroom (Orc:1)
  A wizard (D:11)
  4 orc knights
  An ugly thing (D:12)
  An orc sorcerer (Orc:1)
  A manticore (D:11)
  A two-headed ogre (D:9)
  A troll (D:9)
  Sigmund (D:5)
  4 hippogriffs
  A yak (D:7)
  A wyvern (D:10)
  2 humans
  A hungry ghost (D:9)
  3 vampire mosquitoes (D:12)
  3 centaurs
  A basilisk (D:8)
  A wolf (D:9)
  A hell hound (D:4)
  2 ice beasts
  An eye of draining (D:12)
  15 orc warriors
  9 ogres
  A wasp (D:11)
  A big kobold (D:8)
  Blork the orc (Orc:2)
  7 giant frogs
  A wyvern skeleton (D:12)
  2 scorpions
  A killer bee (D:10)
  A water moccasin skeleton (D:6)
  7 wights
  8 crimson imps
  A quasit (D:6)
  A centaur skeleton (D:9)
  3 jellies
  9 orc wizards
  3 giant frog skeletons
  A gnoll shaman (D:4)
  26 orc priests
  7 hounds
  5 iguanas
  Ijyb (D:2)
  Natasha (thrice) (D:2)
  10 worker ants
  2 sheep (D:7)
  A hound zombie (D:7)
  10 adders
  A shadow imp (D:7)
  2 ufetubi (D:9)
  2 adder skeletons
  4 worms
  6 giant geckos
  86 orcs
  9 bats
  A giant cockroach (D:4)
  8 goblins
  5 hobgoblins
  10 jackals
  24 kobolds
  7 quokkas
  3 ball pythons
  7 giant newts
  A jackal skeleton (D:9)
  2 quokka simulacra (D:9)
  10 rats
  A ballistomycete (Orc:2)
  A butterfly (D:2)
  8 giant spores
  2 hyperactive ballistomycetes (Orc:2)
373 creatures vanquished.

Vanquished Creatures (collateral kills)
  The ghost of Situis the Cruncher, a novice MiGl of Okawaru (D:10)
  Urug (Orc:2)
  The ghost of derval the Spear-Bearer, a novice MfSk of Okawaru (D:8)
  3 hill giants
  A wizard (D:11)
  3 deep elf magi (D:11)
  5 orc knights
  An ugly thing (D:12)
  A cyclops (D:11)
  A centaur skeleton (D:13)
  2 trolls
  2 slime creatures (D:12)
  A two-headed ogre (Orc:1)
  2 wraiths (D:11)
  6 yaks (D:10)
  A hog (D:7)
  3 humans (D:12)
  A hungry ghost (D:11)
  A vampire mosquito (D:12)
  A hippogriff (D:12)
  A warg (Orc:1)
  17 orc warriors
  3 sky beasts
  3 ogres (Orc:1)
  A big kobold (D:11)
  A giant frog (D:8)
  Dowan (D:4)
  A scorpion (D:5)
  2 killer bees (D:10)
  2 wights (D:9)
  A crimson imp (D:8)
  A hound (D:4)
  10 orc priests
  2 jellies
  2 giant frog skeletons
  10 orc wizards
  A worker ant (D:12)
  A hound skeleton (D:4)
  5 gnolls (D:4)
  An adder (D:11)
  2 shadow imps
  An adder skeleton (D:4)
  A worm (D:1)
  16 orcs
  2 jackals
  3 kobolds (D:11)
  A jackal skeleton (D:6)
  7 giant spores
137 creatures vanquished.

Vanquished Creatures (others)
  A shambling mangrove (Orc:2)
  A centaur (D:5)
  13 wandering mushrooms
  An orc wizard (D:4)
  A worker ant zombie (D:9)
  2 ballistomycetes (Orc:2)
  4 fire vortices
  4 giant spores (Orc:2)
  A hyperactive ballistomycete (Orc:2)
  356 toadstools
384 creatures vanquished.

Grand Total: 894 creatures vanquished

Notes
Turn   | Place    | Note
--------------------------------------------------------------
     0 | D:1      | M4edhros the Octopode Artificer began the quest for the Orb.
     0 | D:1      | Reached XP level 1. HP: 13/13 MP: 3/3
   139 | D:2      | Reached XP level 2. HP: 8/18 MP: 4/4
   386 | D:2      | Found a shimmering altar of Xom.
   409 | D:2      | Reached XP level 3. HP: 16/23 MP: 5/5
   416 | D:2      | Became a worshipper of Xom of Chaos
   475 | D:2      | XOM: harmless Pois miscast
   499 | D:2      | Noticed Ijyb
   603 | D:2      | Killed Ijyb
   603 | D:2      | Reached skill level 4 in Evocations
   603 | D:2      | Reached XP level 4. HP: 26/28 MP: 5/7
   685 | D:2      | Noticed Natasha
   689 | D:2      | Killed Natasha
   700 | D:2      | XOM: medium Erth miscast
   808 | D:3      | Found a snail-covered altar of Cheibriados.
   868 | D:3      | XOM: summons 4 hostile shadow creatures
  1007 | D:4      | XOM: noise
  1011 | D:4      | Noticed Duvessa
  1011 | D:4      | Noticed Dowan
  1013 | D:4      | XOM: harmless Trmt miscast
  1022 | D:4      | Killed Dowan
  1022 | D:4      | Reached XP level 5. HP: 29/33 MP: 8/8
  1297 | D:4      | Noticed Duvessa
  1297 | D:4      | Duvessa changed into Duvessa the hell hound
  1297 | D:4      | XOM: polymorph Duvessa -> Duvessa the hell hound
  1307 | D:4      | Got a warped wooden ring
  1308 | D:4      | Identified the ring "Iliemiyq" {AC+3 Int+4} (You found it on level 4 of the Dungeon)
  1314 | D:5      | Entered Level 5 of the Dungeon
  1314 | D:5      | Noticed Sigmund
  1321 | D:5      | Found a staircase to the Ecumenical Temple.
  1326 | Temple   | Entered the Ecumenical Temple
  1334 | Temple   | Fell from the grace of Xom
  1334 | Temple   | Became a worshipper of Fedhas Madash
  1369 | D:5      | Noticed a centaur
  1373 | D:5      | Noticed a centaur
  1417 | D:5      | Reached skill level 5 in Stealth
  1440 | D:5      | Killed Sigmund
  1440 | D:5      | Reached skill level 6 in Stealth
  1440 | D:5      | Reached XP level 6. HP: 24/38 MP: 9/9
  1540 | D:5      | Killed a centaur
  1540 | D:5      | Reached skill level 7 in Stealth
  1540 | D:5      | Reached skill level 5 in Evocations
  1540 | D:5      | Reached XP level 7. HP: 19/43 MP: 10/10
  1595 | D:5      | XOM: 3-stop teleportation journey
  2244 | D:3      | XOM: mild Summ miscast
  2343 | D:3      | Reached * piety under Fedhas
  2774 | D:2      | Noticed Natasha
  2778 | D:2      | Killed Natasha
  2823 | D:2      | Noticed Natasha
  2834 | D:2      | Killed Natasha
  2834 | D:2      | Reached skill level 8 in Stealth
  3356 | D:1      | Reached ** piety under Fedhas
  3655 | D:4      | Killed Duvessa the hell hound
  3655 | D:4      | Reached skill level 1 in Invocations
  3812 | D:4      | XOM: mild Divn miscast
  4086 | D:5      | Reached XP level 8. HP: 44/48 MP: 12/12
  4113 | D:5      | Reached skill level 5 in Dodging
  4201 | D:5      | Found a glowing golden altar of the Shining One.
  4205 | D:5      | Reached skill level 9 in Stealth
  4330 | D:5      | XOM: medium Divn miscast
  4382 | D:5      | Found a bloodstained altar of Trog.
  4626 | D:6      | Found a radiant altar of Vehumet.
  4685 | D:6      | Found Gecuxki's Jewellery Shoppe.
  4954 | D:6      | XOM: mild Fire miscast
  5036 | D:6      | Reached skill level 10 in Stealth
  5089 | D:6      | Found an opulent altar of Gozag.
  5353 | D:6      | XOM: summons 4 hostile demons
  5382 | D:6      | XOM: medium Ice miscast
  5475 | D:7      | Reached XP level 9. HP: 53/53 MP: 13/13
  5520 | D:7      | XOM: medium Divn miscast
  5560 | D:7      | XOM: polymorph wandering mushroom -> shambling mangrove
  5706 | D:7      | Reached *** piety under Fedhas
  5789 | D:7      | Reached skill level 11 in Stealth
  5934 | D:7      | XOM: chaos upgrade
  6038 | D:7      | XOM: mild Fire miscast
  6162 | D:7      | XOM: mild Chrm miscast
  6285 | D:7      | XOM: medium Trmt miscast
  6417 | D:7      | Reached skill level 5 in Invocations
  6591 | D:8      | Reached skill level 12 in Stealth
  6624 | D:8      | Found a huge runed gate.
  6624 | D:8      | Found a huge runed gate.
  6624 | D:8      | Found a huge runed gate.
  6624 | D:8      | Found a huge runed gate.
  6624 | D:8      | Noticed a griffon
  6625 | D:8      | Noticed a polar bear
  6625 | D:8      | Noticed a griffon
  6626 | D:8      | Noticed a griffon
  6715 | D:8      | XOM: noise
  6788 | D:8      | Reached XP level 10. HP: 58/58 MP: 15/15
  6811 | D:8      | Found a stormy altar of Qazlal.
  6819 | D:8      | Found a staircase to the Lair.
  6833 | D:8      | Noticed derval's ghost (novice MfSk)
  6845 | D:8      | Killed derval's ghost
  6981 | D:8      | Found a shimmering altar of Xom.
  7091 | D:8      | XOM: medium Erth miscast
  7141 | D:8      | Found a bloodstained altar of Trog.
  7482 | D:7      | XOM: mild Trmt miscast
  7591 | D:9      | Reached skill level 13 in Stealth
  7667 | D:9      | Reached skill level 1 in Slings
  7856 | D:9      | Found an oddly glowing altar of Pakellas.
  7948 | D:9      | Reached **** piety under Fedhas
  7966 | D:9      | Found a shadowy altar of Dithmenos.
  8192 | D:9      | Learned a level 3 spell: Conjure Flame
  8290 | D:10     | Entered Level 10 of the Dungeon
  8401 | D:10     | Noticed a hill giant
  8408 | D:10     | Killed a hill giant
  8441 | D:10     | Noticed Situis's ghost (novice MiGl)
  8451 | D:10     | Killed Situis's ghost
  8516 | D:10     | Reached XP level 11. HP: 58/66 MP: 14/17
  8573 | D:10     | XOM: silly message
  8845 | D:10     | Noticed a hill giant
  8851 | D:10     | Killed a hill giant
  8974 | D:10     | XOM: medium Air miscast
  9324 | D:11     | Noticed a manticore
  9333 | D:11     | Killed a manticore
  9371 | D:11     | XOM: noise
  9385 | D:11     | Noticed a cyclops
  9392 | D:11     | Killed a cyclops
  9488 | D:11     | XOM: medium Ice miscast
  9570 | D:11     | Learned a level 3 spell: Mephitic Cloud
  9671 | D:11     | Reached XP level 12. HP: 72/72 MP: 18/18
  9674 | D:11     | Identified a scroll of acquirement
  9717 | D:11     | Reached skill level 5 in Slings
 10043 | D:11     | Found a basalt altar of Yredelemnul.
 10141 | D:11     | XOM: medium Ice miscast
 10205 | D:11     | XOM: mild Pois miscast
 10265 | D:11     | XOM: noise
 10279 | D:11     | Found a roughly hewn altar of Beogh.
 10353 | D:11     | Reached ***** piety under Fedhas
 10439 | D:11     | Found a staircase to the Orcish Mines.
 10507 | D:11     | XOM: medium Air miscast
 10507 | D:11     | Was forgiven by Xom
 10591 | D:12     | Found Zoicly's Book Boutique.
 11026 | D:12     | Noticed Nergalle
 11061 | D:12     | Killed Nergalle
 11064 | D:12     | Got a clouded golden ring
 11291 | D:13     | Noticed Rupert
 11654 | D:13     | Found a gate to the Vaults.
 11654 | D:13     | Noticed Norris
 11654 | D:13     | Noticed Donald
 12044 | Orc:1    | Entered Level 1 of the Orcish Mines
 12193 | Orc:1    | Found an iron altar of Okawaru.
 12206 | Orc:1    | Reached XP level 13. HP: 72/78 MP: 19/19
 12568 | D:6      | Bought the ring "Vuecs" {Str+2 Slay+5} for 461 gold pieces
 12807 | Orc:1    | Reached skill level 10 in Slings
 13209 | Orc:2    | Entered Level 2 of the Orcish Mines
 13209 | Orc:2    | Noticed Urug
 13209 | Orc:2    | Noticed Blork the orc
 13591 | Orc:2    | Identified the ring of Vilielu {Ice Int+4 Dex+3} (You took it off Nergalle on level 12 of the Dungeon)
 13673 | Orc:2    | Killed Urug
 13673 | Orc:2    | Reached skill level 14 in Stealth
 13689 | Orc:2    | Killed Blork the orc
 13798 | Orc:2    | Found a staircase to the Elven Halls.
 13899 | Orc:2    | Reached skill level 1 in Spellcasting
 14333 | Orc:2    | Demolished by a sun demon

Vault maps used:
D:1:      saegor_arrival_simple_b, serial_park_tiny_pond, minivault_23
D:2:      xom_butterflies, uniq_natasha, uniq_iyjb
D:3:      cheibriados_altar_1, minmay_misc_feat_alley, item_on_display_a
D:4:      uniq_duvessa
D:5:      tso_oasis_becter, minmay_temple_entry_grid, first_bread,
          trog_hazing_becter, uniq_sigmund
D:6:      minmay_flawed_box, lemuel_crystal_altar, grunt_gozag_statues,
          serial_shops, shop
D:7:      grunt_ministairs_6, grunt_livestock
D:8:      lemuel_bear_cage, kennysheep_mini, grunt_qazlal_sundering,
          lair_0_dummy, basic_altar
D:9:      grunt_pakellas_mercury, serial_ice, serial_ice_b, serial_ice_l,
          serial_ice_c, serial_ice_a, basic_altar
D:11:     cheibrodos_lost_city_excavation, david_orc_5,
          yredelemnul_altar_generic
D:12:     serial_shops, shop, uniq_nergalle
D:13:     wad_statue_garden, david_vaults_3, serial_shops, shop,
          nicolae_shop_trees, water_maze_lemuel, uniq_kirke
Temple:   circular_temple_12
Orc:1:    okawaru_metal_pillars_1_2
Orc:2:    st_orc_pillars, sword_in_stone

Action                   |  1- 3 |  4- 6 |  7- 9 | 10-12 | 13-15 || total
-------------------------+-------+-------+-------+-------+-------++-------
Melee: Short sword       |    50 |    47 |    40 |       |       ||   137
       Dagger            |       |       |   222 |   238 |     4 ||   464
 Fire: Shortbow          |       |       |       |   198 |       ||   198
       Hunting sling     |       |       |       |   148 |   277 ||   425
 Cast: Mephitic Cloud    |       |       |       |     1 |       ||     1
Invok: Evolution         |       |       |     6 |     5 |     9 ||    20
       Sunlight          |       |       |     3 |    11 |     1 ||    15
       Reproduction      |       |       |       |       |     7 ||     7
Evoke: Wand              |       |    12 |     7 |     1 |    10 ||    30
       Rod               |       |       |       |     3 |     2 ||     5
  Use: Potion            |       |       |     7 |     7 |     2 ||    16
       Scroll            |       |       |       |    18 |     1 ||    19
 Stab: Sleeping          |     6 |     5 |    52 |    28 |       ||    91
       Distracted        |       |       |     1 |     2 |       ||     3
       Petrified         |       |       |       |     1 |       ||     1
       Confused          |       |       |       |     1 |       ||     1
  Eat: Chunk             |       |     1 |       |       |       ||     1
       Meat ration       |       |       |     3 |     2 |       ||     5
       Beef jerky        |       |       |     1 |     1 |       ||     2
       Bread ration      |       |       |     1 |     1 |     2 ||     4
